 Dungeon Crawl Stone Soup version 0.32-a0-42-ga30500b4d3 (webtiles) character file.

Game seed: 5797082200740000372

1303 Ceno the Cudgeller (level 8, -3/67 HPs)
             Began as an Armataur Warper on Feb 1, 2024.
             Was an Initiate of Gozag.
             Slain by a sky beast (6 damage)
             ... on level 5 of the Dungeon.
             The game lasted 00:20:51 (5471 turns).

Ceno the Cudgeller (Armataur Warper)                Turns: 5471, Time: 00:20:53

Health: -3/67      AC: 13    Str: 18    XL:     8   Next: 31%
Magic:  10/10      EV:  8    Int: 15    God:    Gozag
Gold:   466        SH:  0    Dex: 15    Spells: 8/10 levels left

rFire   . . .        a - +1 mace (protect)
rCold   . . .        (no shield)
rNeg    . . .        p - +0 scale mail
rPois   .            (no helmet)
rElec   .            (no cloak)
rCorr   .            (no gloves)
SInv    .            (no barding)
Will    .....        (no amulet) Stlth
                     r - +6 ring of dexterity
HPRegen 0.31/turn    v - ring of wizardry
MPRegen 0.12/turn

%: roll, wizardry (x1)
@: under a protective aura
A: large, deformed body, tough skin 3, armoured tail, roll 2
a: Renounce Religion, Potion Petition, Call Merchant, Bribe Branch


You were on level 5 of the Dungeon.
You worshipped Gozag.
Gozag was aware of your devotion.
You visited 1 branch of the dungeon, and saw 6 of its levels.

You collected 557 gold pieces.
You paid 91 gold pieces to Gozag.

Inventory:

Hand Weapons
 a - a +1 mace of protection (weapon)
 b - a +1 heavy flail
 y - a +0 flail
Missiles
 d - 3 darts of dispersal
 g - 23 stones
 o - 4 boomerangs (quivered)
Armour
 k - a +0 ring mail
 p - a +0 scale mail (worn)
Jewellery
 r - a +6 ring of dexterity (left hand)
 v - a ring of wizardry (right hand)
Wands
 w - a wand of charming (12)
Scrolls
 c - 2 scrolls of blinking
 f - a scroll of amnesia {unknown}
 i - a scroll of revelation {unknown}
 j - a scroll of poison
 m - 4 scrolls of identify
 q - a scroll of enchant armour {unknown}
 s - 2 scrolls of enchant weapon {unknown}
 u - a scroll of teleportation {unknown}
 x - a scroll of noise {unknown}
Potions
 h - a potion of attraction
 l - 2 potions of curing
 n - a potion of haste
 t - a potion of heal wounds {unknown}


   Skills:
 + Level 4.9 Fighting
 * Level 6.3 Maces & Flails
 - Level 3.0 Throwing
 - Level 1.2 Armour
 - Level 1.3 Dodging
 - Level 1.7 Spellcasting
 + Level 5.5 Translocations


You had 8 spell levels left.
You knew the following spells:

 Your Spells              Type           Power      Damage    Failure   Level
a - Blink                 Tloc           34%        N/A       4%          2

Your spell library contained the following spells:

 Spells                   Type           Power      Damage    Failure   Level
 Lesser Beckoning         Tloc           34%        N/A       4%          2
 Teleport Other           Tloc           17%        N/A       10%         3
 Magic Dart               Conj           4%         1d3       28%         1
 Summon Small Mammal      Summ           4%         N/A       28%         1
 Manifold Assault         Tloc           17%        N/A       30%         4
 Call Canine Familiar     Summ           1%         N/A       63%         3
 Fugue of the Fallen      Necr           1%         N/A       63%         3
 Ozocubu's Armour         Ice            1%         N/A       63%         3
 Vhi's Electric Charge    Tloc/Air       18%        N/A       65%         4
 Summon Blazeheart Golem  Fire/Summ      1%         N/A       95%         4


Dungeon Overview and Level Annotations

Branches:
Dungeon (6/15)
 Temple: D:4-7

Altars:
Gozag
Kikubaaqudgha
Makhleb
Sif Muna
Vehumet


Innate Abilities, Weirdness & Mutations

Armour fits poorly on your strangely shaped body.
You have extremely tough skin. (AC +3)
You have a long armoured tail.
You regenerate magic and health when rolling toward enemies. (Rampage Regen)


Message History

Something hits you but does no damage.
You climb upwards.
Reactivating autopickup.
There is a stone staircase leading down here.
You start resting.
Something hits you. Something shocks you.
Deactivating autopickup; reactivate with Ctrl-A.
You start resting.
Something hits you. Something shocks you.
* * * LOW HITPOINT WARNING * * *
You start resting.
Something hits you.
* * * LOW HITPOINT WARNING * * *
Something shocks you.
* * * LOW HITPOINT WARNING * * *
Something hits you but does no damage.
You miss something.
A sky beast appears from thin air!
Reactivating autopickup.
The sky beast closely misses you.
You hit the sky beast but do no damage.
Your weapon exudes an aura of protection.
The sky beast is moderately wounded.
The sky beast barely misses you.
You completely miss the sky beast.
The sky beast is moderately wounded.
The sky beast looks more healthy.
The sky beast hits you but does no damage.
You hit the sky beast.
The sky beast is severely wounded.
The sky beast closely misses you.
You hit the sky beast but do no damage.
The sky beast is heavily wounded.
The sky beast hits you.
* * * LOW HITPOINT WARNING * * *
The sky beast shocks you.
* * * LOW HITPOINT WARNING * * *
You sock the sky beast!
The sky beast is almost dead.
The sky beast hits you.
* * * LOW HITPOINT WARNING * * *
The sky beast shocks you.
You die...
Your body crumbles into a pile of gold.

#_........._######.........##...
#...#.⌠.#...#..#................
#8##...##8##...#................
# ###.#####............##......
### #..####..###...............
#.####..#.#..##................
##............#.#...............
#........##.....#......##.......
#........##....@Y.......#.......
###......####....................
#.#......###.....#........#......
...##....#.####..#........##.....
............#....................
#......................#.#.......
#......................###......#
#.......................##.##.#.#
#............#..........#.......>


You could see a sky beast.

Vanquished Creatures
  Pikel (D:4)
  A black bear (D:5)
  3 ogres
  A lemure (D:4)
  2 scorpions
  A killer bee (D:6)
  2 bombardier beetles
  3 hounds
  An orc priest (D:4)
  2 iguanas
  A gnoll (D:1)
  7 adders
  A white imp (D:5)
  A dart slug (D:3)
  4 orcs
  5 endoplasms
  2 giant cockroaches
  3 hobgoblins
  7 jackals
  A kobold (D:4)
  5 quokkas
  6 ball pythons
  5 bats
  3 frilled lizards
  5 goblins
  6 rats
79 creatures vanquished.

Notes
Turn   | Place    | Note
-------+----------+-------------------------------------------
     0 | D:1      | Ceno the Armataur Warper began the quest for the Orb.
     0 | D:1      | Reached XP level 1. HP: 17/17 MP: 3/3
   176 | D:1      | Reached skill level 1 in Throwing
   210 | D:1      | Reached skill level 2 in Maces & Flails
   376 | D:1      | Reached XP level 2. HP: 24/24 MP: 4/4
   379 | D:1      | Learned a level 2 spell: Blink
   643 | D:1      | Reached XP level 3. HP: 28/29 MP: 5/5
  1982 | D:3      | Identified the +0 plate armour of the Sun {Harm}
  2482 | D:4      | Reached skill level 3 in Maces & Flails
  2482 | D:4      | Reached XP level 4. HP: 34/37 MP: 6/6
  2714 | D:4      | Noticed a scorpion
  2721 | D:4      | Killed a scorpion
  2722 | D:4      | Reached XP level 5. HP: 20/42 MP: 7/7
  2902 | D:4      | Noticed an ogre
  2918 | D:4      | Killed an ogre
  3094 | D:4      | Found an opulent altar of Gozag.
  3099 | D:4      | Became a worshipper of Gozag Ym Sagoz the Greedy
  3108 | D:4      | Found a burning altar of Makhleb.
  3275 | D:4      | Reached XP level 6. HP: 50/50 MP: 8/8
  3334 | D:4      | Reached skill level 4 in Maces & Flails
  3890 | D:5      | Entered Level 5 of the Dungeon
  4168 | D:5      | Noticed a water moccasin
  4419 | D:5      | Found an ancient bone altar of Kikubaaqudgha.
  4419 | D:5      | Found a shimmering blue altar of Sif Muna.
  4422 | D:5      | Found a radiant altar of Vehumet.
  4427 | D:5      | Got Vehumet's Papyrus of Conjuration
  4518 | D:5      | Noticed Pikel
  4580 | D:4      | Killed Pikel
  4581 | D:4      | Reached skill level 5 in Maces & Flails
  4581 | D:4      | Gained mutation: You regenerate magic and health when
                  | rolling toward enemies. (Rampage Regen) [Armataur growth]
  4581 | D:4      | Reached XP level 7. HP: 24/59 MP: 9/9
  4759 | D:5      | Reached skill level 5 in Translocations
  5206 | D:6      | Reached XP level 8. HP: 67/67 MP: 10/10
  5422 | D:6      | Reached skill level 6 in Maces & Flails
  5471 | D:5      | HP: 3/67 [sky beast (1)]
  5471 | D:5      | Slain by a sky beast

Illustrated notes

Levels and vault maps discovered:
D:1:      matt_arrival_refuge, layout_basic, minmay_strange_pillars,
          chequers_hall_statues_corner_a
D:2:      minmay_door_path, layout_basic
D:3:      layout_basic
D:4:      layout_layer_cave, mainiacjoe_overflow_large_starburst
D:5:      layout_cave_pools, grunt_temple_overflow_magic_moments,
          guppyfry_early_lair_pool, uniq_pikel
D:6:      hangedman_cross_stitches, layout_layer_cave,
          grunt_temple_overflow_open

Skill      XL: |  1  2  3  4  5  6  7  8 |
---------------+-------------------------+-----
Throwing       | 1 2 3 |  3.0
Maces & Flails | 2 3 5 6 |  6.3
Fighting       | 2 4 |  4.9
Translocations | 4 5 |  5.5
Armour         | |  1.2
Dodging        | |  1.3
Spellcasting   | |  1.7

Action                     |  1- 3 |  4- 6 |  7- 9 || total
---------------------------+-------+-------+-------++-------
  Melee: Mace              |   126 |    91 |    81 ||   298
         Tailslap          |    11 |    15 |    16 ||    42
         Punch             |       |     3 |     2 ||     5
  Throw: Dart              |     2 |     9 |    13 ||    24
         Stone             |     1 |       |     1 ||     2
         Boomerang         |       |     3 |     2 ||     5
   Cast: Blink             |     1 |       |       ||     1
    Use: Scroll            |     2 |     2 |       ||     4
         Potion            |       |       |     1 ||     1
 Armour: Leather armour    |    41 |       |       ||    41
         Ring mail         |    48 |    73 |    40 ||   161
         Scale mail        |       |       |    48 ||    48
  Dodge: Dodged            |    48 |    50 |    49 ||   147

Table legend: (Time is in decaauts)
 A = Elapsed time spent in this place.
 B = Non-inter-level travel time spent in this place.
 C = Inter-level travel time spent in this place.
 D = Time resting spent in this place.
 E = Time spent auto-exploring this place.
 F = Levels seen in this place.
 G = Mean time per level.
                   A        B        C        D        E       F      G
               +--------+--------+--------+--------+--------+-----+--------+
         Total |   5535 |   5396 |    139 |    793 |   2879 |   6 |  922.5 |
       Dungeon |   5535 |   5396 |    139 |    793 |   2879 |   6 |  922.5 |
               +--------+--------+--------+--------+--------+-----+--------+

Top non-repeatable levels by time:
     D:4: 1644 daAuts
     D:5: 1142 daAuts
     D:1: 1068 daAuts
     D:2: 813 daAuts
     D:3: 600 daAuts
     D:6: 265 daAuts
